AoeStats
← CazadorGT

Arabia

508970643Analyzed
4v4 RM · 8d ago on Sep 24, 2026· 33m 2s· 8 players
Game mode
Random Map
Map size
Large (8 player)
Population
200
Speed
Normal
Resources
Standard
Victory
Conquest
Starting age
Dark Age
Ending age
Imperial Age
RankedLock teamsTeams togetherTeam positionsShared explorationLock speedFull tech treeHidden civsTurbo modeCheats
Victory
Defeat
🇬🇹 Saracens · Guatemala
1207
+10
🇻🇪 Persians · Venezuela
1161
+12
🇮🇹 Mongols · Italy
1058
+16
🇦🇷 Franks · Argentina
855
+23
🇦🇷 Ethiopians · Argentina
1134
-19
🇦🇷 Vikings · Argentina
1042
-15
🇩🇪 Magyars · Germany
1034
-35
🇩🇪 Teutons · Germany
1009
-13
Tekz4987
1:19 Loom
7:13 Loom
9:10 Feudal Age
16:53 Horse Collar
21:58 Double-Bit Axe
24:25 Castle Age
22:52 Gold Mining
24:05 Bloodlines
24:34 Scale Barding Armor
26:19 Heavy Plow
27:47 Chain Barding Armor
28:37 Forging
29:59 Wheelbarrow
30:10 Bow Saw
31:17 Stone Mining
ELDIOSCHICHOLIN
0:42 Loom
10:46 Feudal Age
11:28 Double-Bit Axe
20:13 Castle Age
19:19 Horse Collar
22:13 Pikeman
26:33 Squires
31:36 Bow Saw
31:28 Heavy Plow
31:20 Gold Mining
Fresh Dumbledore
9:09 Feudal Age
15:06 Double-Bit Axe
15:03 Horse Collar
18:20 Loom
26:08 Castle Age
28:13 Pikeman
viber
10:59 Feudal Age
11:53 Loom
15:22 Castle Age
13:42 Double-Bit Axe
14:15 Horse Collar
19:19 Crossbowman
20:16 Fletching
23:46 Ballistics
25:11 Bodkin Arrow
29:41 Padded Archer Armor
CazadorGT
10:46 Loom
12:52 Feudal Age
15:04 Forging
24:00 Castle Age
22:03 Double-Bit Axe
22:08 Horse Collar
22:53 Scale Barding Armor
24:11 Bloodlines
25:26 Fletching
26:04 Bodkin Arrow
27:58 Iron Casting
dejame_ganar
6:51 Loom
8:57 Feudal Age
9:31 Double-Bit Axe
16:51 Wheelbarrow
20:42 Castle Age
20:50 Bloodlines
21:13 Forging
21:08 Scale Barding Armor
21:34 Husbandry
22:00 Scale Barding Armor
23:09 Horse Collar
32:23 Iron Casting
33:57 Hand Cart
COSTAMDP
11:27 Feudal Age
15:35 Forging
16:33 Scale Barding Armor
22:18 Castle Age
21:03 Double-Bit Axe
21:35 Gold Mining
24:02 Bow Saw
33:31 Iron Casting
verbumdei76
3:09 Loom
11:01 Feudal Age
11:37 Double-Bit Axe
17:58 Scale Mail Armor
20:22 Horse Collar
24:36 Castle Age
23:28 Forging
24:13 Bloodlines
24:32 Gold Mining
24:51 Scale Barding Armor
34:07 Iron Casting
Connection lost

Rejoining the realm…

Still unreachable

The connection could not be restored.

Session expired

The server has moved on; the page needs a fresh start.